 Dungeon Crawl Stone Soup version 0.29-a0-284-gf9362112df (webtiles) character file.

Game seed: 10094710213123782535

837 spaghetti the Wallflower (level 7, 0/70 HPs)
             Began as an Ogre Fighter on Mar 20, 2022.
             Was an Initiate of Uskayaw.
             Slain by a scorpion (2 damage)
             ... on level 5 of the Dungeon.
             The game lasted 00:09:32 (6163 turns).

spaghetti the Wallflower (Ogre Fighter)             Turns: 6163, Time: 00:09:33

Health: 0/70       AC:  5    Str: 23    XL:     7   Next: 99%
Magic:  10/12      EV: 10    Int:  9    God:    Uskayaw [......]
Gold:   201        SH:  0    Dex:  8    Spells: 6/6 levels left

rFire   . . .      SeeInvis .   m - +1 rapier (speed) {short}
rCold   . . .      Faith    .   (no shield)
rNeg    . . .      Spirit   .   b - +0 robe
rPois   .          Reflect  .   (helmet restricted)
rElec   .          Harm     .   j - +1 cloak
rCorr   .          Rampage  .   (gloves unavailable)
Will    .....                   (boots unavailable)
Stlth   +.........              (no amulet)
HPRegen 0.21/turn               (no ring)
MPRegen 0.13/turn               (no ring)

@: no status effects
A: large, unfitting armour, tough skin 1
a: Renounce Religion


You were on level 5 of the Dungeon.
You worshipped Uskayaw.
Uskayaw was noncommittal.
You visited 1 branch of the dungeon, and saw 5 of its levels.

You collected 201 gold pieces.


Innate Abilities, Weirdness & Mutations

You are too large for most types of armour.
You have tough skin. (AC +1)


   Skills:
 - Level 4.0 Fighting
 - Level 3.4 Short Blades
 - Level 3.7 Maces & Flails
 - Level 2.6 Dodging
 - Level 2.6 Shields
 + Level 7.2 Invocations


You had 6 spell levels left.
You didn't know any spells.
Your spell library contained the following spells:

 Spells                   Type           Power      Damage    Failure   Level
 Foxfire                  Conj/Fire      0%         2x1d4     38%         1
 Conjure Flame            Conj/Fire      0%         6-21      77%         3
 Inner Flame              Hex/Fire       0%         N/A       77%         3
 Flame Wave               Conj/Fire      0%         2d4       99%         4

Inventory:

Hand Weapons
 a - a +0 flail {mace}
 d - a +4 quarterstaff of chaos {staff}
   (You took it off Crazy Yiuf on level 2 of the Dungeon)
 f - a +0 vorpal long sword {long}
   (You found it on level 1 of the Dungeon)
 k - a +2 vorpal mace {mace}
   (You found it on level 2 of the Dungeon)
 m - a +1 rapier of speed (weapon) {short}
   (You found it on level 4 of the Dungeon)
Missiles
 g - 86 stones (quivered) {throwing}
 h - 9 poisoned darts {throwing}
Armour
 b - a +0 robe (worn)
 j - a +1 cloak (worn)
   (You found it on level 2 of the Dungeon)
Scrolls
 c - a scroll of enchant weapon {unknown}
 i - 3 scrolls of immolation {!r!r}
 l - a scroll of silence {!r}
Potions
 e - 4 potions of flight

Dungeon Overview and Level Annotations

Branches:
Dungeon (5/15)             Temple (0/1) D:4

Altars:
Uskayaw

.....#..# #.###).####..#
#..... .....#ยง.# #.# #..#
#..# ##.... #.##.#..# #.#
#..# #..# ##.#.
##.#.#..####.###..# #..#
#.#. ##...............#
#..# #.#.
##.####.####..##### #..#
#.#. #.## #.# #..# #..#
#.#. .## #.# #..########..#
#.#. .# #.# #...s@.......#
##.#. .# #.# ##.#########.#
#.... ## #.#####.## #.#
##..#. #.#......#
#.####...#.
#<#..###.########..........
#.#..#.......<.#######..##.
#.#..#.#.#####.# #..##.
#.#..)...# #.# #.....
#.#..#.### #.# #.##..


You could see a scorpion.


Message History

You feel very sick. ๐Ÿ˜• HP[-4]
You take 4 damage, and now have 55/70 hp.
You barely miss the scorpion. Your punch misses the scorpion.
You feel very sick.
The scorpion barely misses you. ๐Ÿ˜ฎ HP[-3]
You take 3 damage, and now have 52/70 hp.
You hit the scorpion but do no damage.
You feel very sick. The scorpion stings you.
You are more poisoned.
The scorpion poisons you! ๐Ÿ˜ฎ HP[-7]
You take 7 damage, and now have 45/70 hp.
You hit the scorpion but do no damage.
You feel very sick.
The scorpion barely misses you. ๐Ÿ˜ฎ HP[-2]
You take 2 damage, and now have 43/70 hp.
You closely miss the scorpion.
You feel very sick.
The scorpion barely misses you. ๐Ÿ˜ฎ HP[-4]
You take 4 damage, and now have 39/70 hp.
You barely miss the scorpion.
You feel very sick.
The scorpion stings you but does no damage. ๐Ÿ˜ฎ HP[-3]
You take 3 damage, and now have 36/70 hp.
You barely miss the scorpion.
You feel very sick. ๐Ÿ˜จ HP[-3]
You take 3 damage, and now have 33/70 hp.
You are quite poisoned (33 -> 19).
Your movement speed is average.
Your attack delay is about 0.6.
You hit the scorpion but do no damage.
You feel sick. The scorpion stings you.
* * * LOW HITPOINT WARNING * * *
You are more poisoned.
The scorpion poisons you! ๐Ÿ˜จ HP[-7]
You take 7 damage, and now have 26/70 hp.
You are seriously poisoned (26 -> 2).
Your movement speed is average.
Your attack delay is about 0.6.
You stomp with the beat, sending a shockwave through the revellers around you!
You can no longer stomp with the beat.
* * * LOW HITPOINT WARNING * * *
You feel very sick.
The scorpion stings you but does no damage. ๐Ÿ˜จ HP[-6] MP[-3]
You take 6 damage, and now have 20/70 hp.
You lost 3 mp, and now have 9/12 mp.
Okay, then.
Okay, then.
Really read
n - a scroll of blinking {!r}?
Blink to where?
Press: ? - help, Dir - move target, p - scorpion
As you read the scroll of blinking {!r}, it crumbles to dust.
* * * LOW HITPOINT WARNING * * *
You feel very sick. ๐Ÿ˜ฑ HP[-3]
You take 3 damage, and now have 17/70 hp.
* * * LOW HITPOINT WARNING * * *
You feel very sick. ๐Ÿ˜ฑ HP[-4]
You take 4 damage, and now have 13/70 hp.
* * * LOW HITPOINT WARNING * * *
You feel sick. ๐Ÿ˜ฑ HP[-2]
You take 2 damage, and now have 11/70 hp.
* * * LOW HITPOINT WARNING * * *
You feel very sick. ๐Ÿ˜ฑ HP[-3]
You take 3 damage, and now have 8/70 hp.
You feel sick. ๐Ÿ˜ฑ HP[-1]
You take 1 damage, and now have 7/70 hp.
* * * LOW HITPOINT WARNING * * *
You feel sick. ๐Ÿ˜ฑ HP[-1]
You take 1 damage, and now have 6/70 hp.
Unknown command.
You feel sick. ๐Ÿ˜ฑ HP[-1] MP[+1]
You take 1 damage, and now have 5/70 hp.
You feel sick. ๐Ÿ˜ฑ HP[-1]
You take 1 damage, and now have 4/70 hp.
You feel sick. ๐Ÿ˜ฑ HP[-1]
You take 1 damage, and now have 3/70 hp.
The scorpion attacks as you move away! The scorpion barely misses you.
You feel sick.
There is a stone staircase leading up here. ๐Ÿ˜ฑ HP[-1]
You take 1 damage, and now have 2/70 hp.
You feel sick.
You are no longer poisoned.
The scorpion closely misses you. The scorpion stings you.
You die...

Skill      XL: |  1  2  3  4  5  6  7 |
---------------+----------------------+-----
Maces & Flails | 2 3 |  3.7
Invocations    | 1 2 3 4 7 |  7.2
Short Blades   | 1 3 |  3.4
Fighting       | |  4.0
Dodging        | |  2.6
Shields        | |  2.6

Action                   |  1- 3 |  4- 6 |  7- 9 || total
-------------------------+-------+-------+-------++-------
Melee: Flail             |   112 |    22 |       ||   134
       Quarterstaff      |       |    21 |       ||    21
       Rapier            |       |   127 |   144 ||   271
       Punch             |       |       |     1 ||     1
Throw: Stone             |    23 |    45 |    13 ||    81
Invok: Line Pass         |       |     3 |     3 ||     6
       Stomp             |       |     1 |     5 ||     6
  Use: Scroll            |     5 |     5 |     2 ||    12
       Potion            |       |     3 |     1 ||     4
 Stab: Paralysed         |       |     3 |     2 ||     5
       Confused          |       |       |     1 ||     1
Armor: Robe              |    34 |    37 |    43 ||   114
Dodge: Dodged            |    49 |    62 |    32 ||   143
Block: Kite shield       |    51 |     2 |       ||    53

Levels and vault maps discovered:
D:1:      minmay_arrival_stair_chambers, layout_rooms,
          ebering_ecumenical_altar_ruins
D:2:      layout_rooms, minmay_misc_feat_encased, uniq_crazy_yiuf_cottage
D:3:      minmay_evil_eye, layout_basic
D:4:      layout_basic, minmay_temple_entry_ruins, kennysheep_pointless_box,
          minmay_quadrilaterals
D:5:      layout_loops_ring, uniq_blork_the_orc

Notes
Turn   | Place    | Note
-------+----------+-------------------------------------------
     0 | D:1      | spaghetti the Ogre Fighter began the quest for the Orb.
     0 | D:1      | Reached XP level 1. HP: 24/24 MP: 1/1
     0 | D:1      | magus.rc [v1.9.6]
    31 | D:1      | Reached skill level 2 in Maces & Flails
   227 | D:1      | Reached XP level 2. HP: 32/32 MP: 2/2
   235 | D:1      | Found a faded altar of an unknown god.
   237 | D:1      | You pick up a book of Flames and begin reading...
   237 | D:1      | You add the spells Foxfire, Conjure Flame, Inner Flame and
                  | Flame Wave to your library.
   355 | D:1      | Prayed at the altar of an unknown god.
   355 | D:1      | Became a worshipper of Uskayaw the Reveller
   355 | D:1      | Reached * piety under Uskayaw
   365 | D:1      | Reached ** piety under Uskayaw
  1009 | D:1      | Reached skill level 1 in Invocations
  1020 | D:1      | Reached XP level 3. HP: 39/39 MP: 3/3
  1476 | D:2      | Found a runed translucent door.
  1477 | D:2      | Noticed Crazy Yiuf
  1550 | D:2      | Reached skill level 3 in Maces & Flails
  1649 | D:2      | Reached skill level 2 in Invocations
  1717 | D:2      | Reached XP level 4. HP: 48/48 MP: 5/5
  2083 | D:2      | HP: 10/48 [Crazy Yiuf/+4 quarterstaff of chaos (17)]
  2084 | D:2      | Killed Crazy Yiuf
  2085 | D:2      | Reached skill level 3 in Invocations
  2466 | D:3      | You fall into a shaft and drop 1 floor!
  2603 | D:4      | Reached XP level 5. HP: 54/54 MP: 7/7
  2689 | D:4      | Reached skill level 4 in Invocations
  2857 | D:4      | Reached skill level 1 in Short Blades
  2857 | D:4      | Reached *** piety under Uskayaw
  2860 | D:4      | Reached **** piety under Uskayaw
  2862 | D:4      | Reached XP level 6. HP: 23/62 MP: 9/9
  2874 | D:4      | Reached skill level 2 in Short Blades
  3105 | D:4      | Found a staircase to the Ecumenical Temple.
  4037 | D:5      | Entered Level 5 of the Dungeon
  4159 | D:5      | HP: 11/62 [scorpion (6)]
  4161 | D:5      | Reached skill level 3 in Short Blades
  4443 | D:5      | Noticed Blork the orc
  4466 | D:5      | Killed Blork the orc
  4467 | D:5      | Reached XP level 7. HP: 22/70 MP: 10/10
  4733 | D:5      | Reached skill level 5 in Invocations
  4986 | D:5      | HP: 21/105 [something (6)]
  5002 | D:5      | Reached skill level 6 in Invocations
  5332 | D:5      | HP: 13/70 [sky beast (5)]
  5333 | D:5      | HP: 6/70 [sky beast (5)]
  5560 | D:5      | Reached skill level 7 in Invocations
  6153 | D:5      | HP: 17/70 [poisoned by a scorpion]
  6156 | D:5      | HP: 8/70 [poisoned by a scorpion]
  6161 | D:5      | HP: 3/70 [poisoned by a scorpion]
  6163 | D:5      | Slain by a scorpion

Vanquished Creatures
  2 sky beasts (D:5)
  An ogre (D:5)
  Blork the orc (D:5)
  A scorpion (D:5)
  2 hounds
  A jelly (D:5)
  Crazy Yiuf (D:2)
  An orc priest (D:4)
  A gnoll shaman (D:4)
  An iguana (D:5)
  4 orc wizards
  7 adders
  4 worms
  2 dart slugs
  7 orcs
  7 ball pythons
  7 endoplasms
  A giant cockroach (D:2)
  8 hobgoblins
  3 jackals (D:5)
  5 quokkas
  5 bats
  A frilled lizard (D:2)
  5 goblins
  A kobold (D:1)
  7 rats
86 creatures vanquished.

Table legend:
 A = Non-vault XP
 B = Vault XP
 C = Vault XP percentage of total XP
 D = Non-vault monster count
 E = Vault monster count
 F = Vault count percentage of total count
                 A         B        C        D         E       F
            +---------+---------+-------+---------+---------+-------
      Total |    1001 |     196 |  16.4 |      80 |       6 |   7.0
            +---------+---------+-------+---------+---------+-------
        D:1 |      35 |       0 |   0.0 |      22 |       0 |   0.0
        D:2 |      68 |      41 |  37.6 |      21 |       1 |   4.5
        D:3 |      15 |       0 |   0.0 |       2 |       0 |   0.0
        D:4 |     175 |      59 |  25.2 |      14 |       4 |  22.2
        D:5 |     708 |      96 |  11.9 |      21 |       1 |   4.5
            +---------+---------+-------+---------+---------+-------

Illustrated notes

Table legend:
 A = Kills in this place as a percentage of kills in entire the game.
 B = Kills by you in this place as a percentage of kills by you in the entire game.
 C = Kills by friends in this place as a percentage of kills by friends in the entire game.
 D = Other kills in this place as a percentage of other kills in the entire game.
 E = Experience gained in this place as a percentage of experience gained in the entire game.
 F = Experience gained in this place divided by the number of levels of this place that you have seen.
                   A       B       C       D       E      F
               +-------+-------+-------+-------+-------+----------------------
         Total | 100.0 | 100.0 |   N/A |   N/A | 100.0 | 239.4
       Dungeon | 100.0 | 100.0 |   N/A |   N/A | 100.0 | 239.4
               +-------+-------+-------+-------+-------+----------------------

Table legend: (Time is in decaauts)
 A = Elapsed time spent in this place.
 B = Non-inter-level travel time spent in this place.
 C = Inter-level travel time spent in this place.
 D = Time resting spent in this place.
 E = Time spent auto-exploring this place.
 F = Levels seen in this place.
 G = Mean time per level.
                   A        B        C        D        E       F      G
               +--------+--------+--------+--------+--------+-----+--------+
         Total |   6160 |   6087 |     73 |   1845 |   3447 |   5 | 1232.0 |
       Dungeon |   6160 |   6087 |     73 |   1845 |   3447 |   5 | 1232.0 |
               +--------+--------+--------+--------+--------+-----+--------+

Top non-repeatable levels by time:
     D:5: 2068 daAuts
     D:4: 1560 daAuts
     D:2: 1318 daAuts
     D:1: 1100 daAuts
     D:3: 112 daAuts
